 Dungeon Crawl Stone Soup version 0.31-a0-549-gf98fd537a9 (webtiles) character file.

Game seed: 10620181046833761053

77 Ethylacetat the Ducker (level 4, -4/31 HPs)
             Began as an Octopode Gladiator on Aug 16, 2023.
             Slain by a black bear (7 damage)
             ... on level 3 of the Dungeon.
             The game lasted 00:01:26 (2002 turns).

Ethylacetat the Ducker (Octopode Gladiator)         Turns: 2002, Time: 00:01:27

Health: -4/31      AC:  1    Str: 13    XL:     4   Next: 33%
Magic:  4/4        EV: 14    Int: 10    God:
Gold:   71         SH:  0    Dex: 15    Spells: 3/3 levels left

rFire   . .          .
                       - Unarmed
rCold   . . .        (no shield)
rNeg    . . .        a - +0 hat
rPois   .            (no amulet)
rElec   .            g - ring of see invisible
rCorr   .            (no ring)
SInv    +            (no ring)
Will    .....        (no ring)
Stlth   ++           (no ring)
HPRegen 0.25/turn    (no ring)
MPRegen 0.09/turn    (no ring)
                     (no ring)

%: no passive effects
@: no status effects
A: almost no armour, amphibious, 8 rings, camouflage 1, gelatinous body 1,
(nimble swimmer 1), tentacles
a: no special abilities


You were on level 3 of the Dungeon.
You visited 1 branch of the dungeon, and saw 3 of its levels.

You collected 71 gold pieces.

Inventory:

Missiles
 b - 3 throwing nets (quivered)
 c - a javelin
Armour
 a - a +0 hat (worn)
Jewellery
 g - a ring of see invisible (left tentacle)
Scrolls
 e - a scroll of fog {unknown}
 f - 2 scrolls of teleportation {unknown}
 h - a scroll of vulnerability {unknown}
 i - 3 scrolls of identify {unknown}
Potions
 d - a potion of brilliance {unknown}
 j - a potion of heal wounds {unknown}
 k - a potion of degeneration {unknown}
 l - a potion of mutation {unknown}
 m - a potion of lignification {unknown}
 n - a potion of cancellation {unknown}


   Skills:
 + Level 3.0 Fighting
 - Level 2.0 Throwing
 + Level 3.7 Dodging
 + Level 3.7 Unarmed Combat


You had 3 spell levels left.
You didn't know any spells.
Your spell library contained the following spells:

 Spells                   Type           Power      Damage    Failure   Level
 Ensorcelled Hibernation  Hex/Ice        0%         N/A       50%         2
 Passwall                 Tmut/Erth      0%         N/A       50%         2
 Swiftness                Air            0%         N/A       75%         3
 Tukima's Dance           Hex            0%         N/A       75%         3
 Passage of Golubria      Tloc           0%         N/A       98%         4
 Yara's Violent Unravell  Hex/Tmut       0%         3d3       100%        5


Dungeon Overview and Level Annotations

Branches:
Dungeon (3/15)

Altars:
Sif Muna


Innate Abilities, Weirdness & Mutations

You cannot wear most types of armour.
You are amphibious.
You can wear up to eight rings at the same time.
Your skin changes colour to match your surroundings (Stealth+).
Your rubbery body absorbs attacks. (AC +1, EV +1)
((You are camouflaged when in or above water. (Stealth+)))
You have tentacles for arms and can constrict up to eight enemies at once.


Message History

The black bear growls angrily.
Your grab misses the black bear.
The black bear bites you but does no damage.
The black bear completely misses you. The black bear misses you.
You tentacle-slap the black bear but do no damage.
Your grab misses the black bear.
You squeeze the black bear, but do no damage.
The black bear bites you!
The black bear claws you but does no damage.
The black bear claws you.
You completely miss the black bear. Your grab misses the black bear.
Your tentacle-slap misses the black bear.
The black bear bites you but does no damage.
The black bear misses you. The black bear barely misses you.
You tentacle-slap the black bear but do no damage.
You grab the black bear. You constrict the black bear.
The black bear closely misses you. The black bear misses you.
The black bear claws you.
You tentacle-slap the black bear.
You squeeze the black bear, but do no damage.
The black bear is lightly wounded.
You constrict the black bear. You tentacle-slap the black bear.
You squeeze the black bear, but do no damage.
The black bear is heavily wounded.
You constrict the black bear. The black bear bites you.
The black bear claws you. The black bear closely misses you.
You tentacle-slap the black bear. You squeeze the black bear.
The black bear is severely wounded.
You constrict the black bear.
The black bear goes berserk!
You tentacle-slap the black bear.
The black bear is almost dead.
You constrict the black bear. The black bear bites you!
* * * LOW HITPOINT WARNING * * *
The black bear claws you.
* * * LOW HITPOINT WARNING * * *
The black bear claws you.
* * * LOW HITPOINT WARNING * * *
The black bear closely misses you. The black bear claws you!
You die...

#.......## ........#
#..# .#._.#..+ #..#
........# #..#
#.......# .# #..#
#.......# .# #..#
#.#.#######.# #..#
..#.#####...###h.#
###......)......@#
#................#
#.#............#.####
..#............+....#
# #............#.##.#
....###..........# #
##### ##..###.#..#
#####..###.#..#
#.......##.#..#


You could see a black bear (berserk).

Vanquished Creatures
  A gnoll (D:1)
  An adder (D:3)
  A worm (D:3)
  7 endoplasms
  4 giant cockroaches
  4 goblins
  5 hobgoblins
  4 jackals (D:1)
  6 kobolds
  5 quokkas
  4 ball pythons
  2 bats
  4 frilled lizards
48 creatures vanquished.

Notes
Turn   | Place    | Note
-------+----------+-------------------------------------------
     0 | D:1      | Ethylacetat the Octopode Gladiator began the quest for the
                  | Orb.
     0 | D:1      | Reached XP level 1. HP: 14/14 MP: 1/1
   160 | D:1      | Reached XP level 2. HP: 13/19 MP: 2/2
   357 | D:1      | Reached XP level 3. HP: 15/25 MP: 3/3
   542 | D:1      | You fall into a shaft and drop 1 floor!
  1544 | D:3      | Reached XP level 4. HP: 28/30 MP: 4/4
  1616 | D:3      | Found a faded altar of an unknown god.
  1926 | D:3      | Found a shimmering blue altar of Sif Muna.
  1991 | D:3      | Noticed a black bear
  2002 | D:3      | Slain by a black bear

Illustrated notes

Levels and vault maps discovered:
D:1:      minmay_arrival_solitary_statue, layout_loops_cross, minmay_door_square
D:2:      layout_basic, serial_corexii_hall, corexii_hall_statues_i,
          corexii_hall_statues_i
D:3:      layout_basic, mainiacjoe_overflow_tiny_flanked,
          shapermc_ecumenical_altar_venn, kennysheep_generic_room_16

Skill      XL: |  1  2  3  4 |
---------------+-------------+-----
Fighting       | 3 |  3.0
Throwing       | |  2.0
Dodging        | |  3.7
Unarmed Combat | |  3.7

Action                     |  1- 3 |  4- 6 || total
---------------------------+-------+-------++-------
  Melee: Unarmed           |    91 |    26 ||   117
         Constrict         |    21 |     8 ||    29
         Tentacles         |    14 |     9 ||    23
         Punch             |     1 |       ||     1
   Stab: Sleeping          |     7 |     2 ||     9
         Distracted        |     1 |       ||     1
 Armour: Skin              |     3 |     3 ||     6
  Dodge: Dodged            |    55 |    14 ||    69

Table legend: (Time is in decaauts)
 A = Elapsed time spent in this place.
 B = Non-inter-level travel time spent in this place.
 C = Inter-level travel time spent in this place.
 D = Time resting spent in this place.
 E = Time spent auto-exploring this place.
 F = Levels seen in this place.
 G = Mean time per level.
                   A        B        C        D        E       F      G
               +--------+--------+--------+--------+--------+-----+--------+
         Total |   1994 |   1979 |     15 |      0 |   1651 |   3 |  664.7 |
       Dungeon |   1994 |   1979 |     15 |      0 |   1651 |   3 |  664.7 |
               +--------+--------+--------+--------+--------+-----+--------+

Top non-repeatable levels by time:
     D:2: 938 daAuts
     D:1: 539 daAuts
     D:3: 516 daAuts
